 Dungeon Crawl Stone Soup version 0.28-a0-1387-g3a22ab9bdc (webtiles) character file.

Game seed: 17860448877714831275

161 gimp the Skirmisher (level 5, 0/44 HPs)
             Began as a Formicid Wanderer on Jan 2, 2022.
             Slain by an orc priest (2 damage)
             ... on level 3 of the Dungeon.
             The game lasted 00:08:41 (4228 turns).

gimp the Skirmisher (Formicid Wanderer)             Turns: 4228, Time: 00:08:42

Health: 0/44       AC: 10    Str: 21    XL:     5   Next: 70%
Magic:  5/5        EV:  5    Int: 11    God:
Gold:   40         SH:  0    Dex:  8    Spells: 4/4 levels left

rFire   . . .      SeeInvis +   a - +0 dire flail
rCold   . . .      Faith    .   (no shield)
rNeg    . . .      Spirit   .   m - +0 plate armour
rPois   .          Reflect  .   (helmet unavailable)
rElec   .          Harm     .   (no cloak)
rCorr   .          Rampage  .   (no gloves)
Will    .....                   (no boots)
Stlth   ..........              (no amulet)
HPRegen 0.14/turn               (no ring)
MPRegen 0.09/turn               (no ring)

@: no status effects
A: permanent stasis, dig shafts and tunnels, antennae 3, four strong arms
a: Dig, Shaft Self


You were on level 3 of the Dungeon.
You visited 1 branch of the dungeon, and saw 3 of its levels.

You collected 96 gold pieces.
You spent 56 gold pieces at shops.

Inventory:

Hand Weapons
 a - a +0 dire flail (weapon)
 c - a +0 hand crossbow
 r - a +2 dagger of speed
Missiles
 d - 38 bolts
Armour
 m - a +0 plate armour (worn)
Wands
 e - a wand of polymorph (3)
Scrolls
 g - 5 scrolls of identify {unknown}
 l - a scroll of silence {unknown}
 n - a scroll of vulnerability {unknown}
 q - a scroll of amnesia {unknown}
Potions
 f - 2 potions of curing {unknown}
 h - 2 potions of mutation {unknown}
 i - a potion of might {unknown}
 j - a potion of brilliance {unknown}
 k - a potion of resistance {unknown}
 o - a potion of heal wounds {unknown}
 p - a potion of degeneration {unknown}


   Skills:
 - Level 5.0 Fighting
 + Level 2.7 Maces & Flails
 - Level 2.0 Crossbows
 - Level 4.0 Throwing
 - Level 2.1 Evocations


You had 4 spell levels left.
You didn't know any spells.
Your spell library contained the following spells:

 Spells                   Type           Power      Damage    Failure   Level
 Corpse Rot               Necr/Air       0%         N/A       100%        2
 Poisonous Vapours        Pois/Air       0%         N/A       100%        2


Dungeon Overview and Level Annotations

Branches:
Dungeon (3/15)

Altars:
Sif Muna

Shops:
D:3 (


Innate Abilities, Weirdness & Mutations

You cannot be hasted, slowed, berserked, paralysed or teleported.
You can dig through walls and to a lower floor.
You have a pair of large antennae on your head. (SInv)
Your four strong arms can wield two-handed weapons with a shield.


Message History

You take 1 damage, and have 36/44 hp.
You completely miss the orc priest.
The orc priest miscasts a cantrip.
You closely miss the orc priest.
The orc priest hits you with a +2 flail of protection.
You take 5 damage, and have 31/44 hp.
You completely miss the orc priest. The orc priest barely misses you.
You barely miss the orc priest.
The orc priest casts a cantrip, but nothing happens.
You barely miss the orc priest.
The orc priest begins to cast a cantrip, but forgets the words!
You hit the orc priest but do no damage.
The orc priest calls down the wrath of Beogh upon you.
Pain shoots through your body! The orc priest closely misses you.
You take 5 damage, and have 26/44 hp.
You puncture the orc priest!
The orc priest is almost dead.
The orc priest barely misses you.
You hit the orc priest but do no damage.
The orc priest is almost dead.
The orc priest hits you with a +2 flail of protection.
You take 4 damage, and have 22/44 hp.
You barely miss the orc priest.
The orc priest is almost dead.
The orc priest hits you with a +2 flail of protection!
* * * LOW HITPOINT WARNING * * *
You take 9 damage, and have 13/44 hp.
MASSIVE DAMAGE!!
You hit the orc priest but do no damage.
The orc priest is almost dead.
The orc priest invokes the aid of Beogh against you.
Beogh smites you!
* * * LOW HITPOINT WARNING * * *
You take 11 damage, and have 2/44 hp.
MASSIVE DAMAGE!!
Throw: dart (curare)
Press: ? - help, Q - select action, (/) - cycle Shift-Dir - straight line, f - orc priest
Aim: an orc priest, wielding a +2 flail of protection and wearing a +0 ring mail (almost dead, 61% to hit)
You throw a curare-tipped dart.
The curare-tipped dart barely misses the orc priest.
The orc priest hits you with a +2 flail of protection.
You die...

#.####....##
#######.........(########
#>...............{{{{{{..
#.######.#######{########
#.# #.# #.# #.#
#.#######o#
#.######.##....o.#
#......#)##.######
#.####.#@o.......#
#....#.#.###.###.#
#.##.#.#.......#.######
#......................
#......#####.#.#.######
####.### #.#.#.# #.#
#.#.#.# #.# #.#.#.# #.#
#.#.#.# {


You could see an orc priest.

Vanquished Creatures
  A phantom (D:2)
  An adder (D:2)
  A worm (D:2)
  3 dart slugs
  6 orcs
  3 endoplasms
  4 giant cockroaches
  5 goblins
  3 hobgoblins
  4 jackals (D:1)
  A quokka (D:2)
  4 ball pythons
  9 bats
  4 frilled lizards (D:2)
  7 kobolds
  4 rats
60 creatures vanquished.

Vanquished Creatures (others)
  A plant (D:1)
1 creature vanquished.

Grand Total: 61 creatures vanquished

Notes
Turn   | Place    | Note
-------+----------+-------------------------------------------
     0 | D:1      | gimp the Formicid Wanderer began the quest for the Orb.
     0 | D:1      | gimp set off with the following items: a +2 dagger, a
                  | curare-tipped dart, a +0 hand crossbow, 26 bolts, a wand of
                  | polymorph (3), a +0 leather armour
     0 | D:1      | Reached XP level 1. HP: 16/16 MP: 1/1
   331 | D:1      | Reached XP level 2. HP: 4/23 MP: 2/2
   617 | D:1      | Reached skill level 3 in Fighting
   886 | D:1      | Reached XP level 3. HP: 2/29 MP: 3/3
  1357 | D:1      | Reached skill level 4 in Fighting
  1941 | D:2      | Reached XP level 4. HP: 19/38 MP: 4/4
  2414 | D:2      | Found a shimmering blue altar of Sif Muna.
  2784 | D:3      | Noticed a phantom
  3165 | D:3      | Found Cabb's Weapon Shoppe.
  3171 | D:3      | Bought a +0 dire flail for 56 gold pieces
  3996 | D:2      | Killed a phantom
  3997 | D:2      | Reached skill level 5 in Fighting
  3997 | D:2      | Reached XP level 5. HP: 27/44 MP: 5/5
  4227 | D:3      | HP: 2/44 [orc priest/divine providence (11)]
  4228 | D:3      | Slain by an orc priest

Illustrated notes

Levels and vault maps discovered:
D:1:      dpeg_arrival_stone_temple_mockup, layout_basic, serial_park_tiny_2,
          st_stairs_5, minmay_shallow_snake_nest
D:2:      layout_basic, basic_altar, st_stairs_11
D:3:      layout_basic, mainiacjoe_overflow_boulevard, serial_shops,
          nicolae_diamond_shop

Skill      XL: |  1  2  3  4 |
---------------+-------------+-----
Fighting       | 3 4 5 |  5.0
Maces & Flails | 2 |  2.7
Crossbows      | |  2.0
Throwing       | |  4.0
Evocations     | |  2.1

Action                   |  1- 3 |  4- 6 || total
-------------------------+-------+-------++-------
Melee: Dagger            |   175 |    83 ||   258
       Dire flail        |       |    79 ||    79
Throw: Dart              |     2 |     1 ||     3
 Abil: Dig               |       |     1 ||     1
  Use: Potion            |     1 |       ||     1
Armor: Leather armour    |    39 |       ||    39
       Scale mail        |    25 |     6 ||    31
       Plate armour      |       |   103 ||   103
Dodge: Dodged            |    95 |    35 ||   130

Table legend: (Time is in decaauts)
 A = Elapsed time spent in this place.
 B = Non-inter-level travel time spent in this place.
 C = Inter-level travel time spent in this place.
 D = Time resting spent in this place.
 E = Time spent auto-exploring this place.
 F = Levels seen in this place.
 G = Mean time per level.
                   A        B        C        D        E       F      G
               +--------+--------+--------+--------+--------+-----+--------+
         Total |   4177 |   4046 |    131 |    878 |   2223 |   3 | 1392.3 |
       Dungeon |   4177 |   4046 |    131 |    878 |   2223 |   3 | 1392.3 |
               +--------+--------+--------+--------+--------+-----+--------+

Top non-repeatable levels by time:
     D:1: 2217 daAuts
     D:2: 1634 daAuts
     D:3: 324 daAuts
